 Dungeon Crawl Stone Soup version 0.29.1-12-g30fa7ad0bf (webtiles) character file.

Game seed: 16861471519356727509

3651 wingedge the Cleaver (level 9, -7/82 HPs)
             Began as a Minotaur Fighter on Dec 22, 2022.
             Was a Believer of Makhleb.
             Mangled by an eight-headed hydra (11 damage)
             ... on level 7 of the Dungeon.
             The game lasted 00:18:12 (6277 turns).

wingedge the Cleaver (Minotaur Fighter)             Turns: 6277, Time: 00:18:13

Health: -7/82      AC: 19    Str: 24    XL:     9   Next: 88%
Magic:  11/11      EV:  6    Int:  5    God:    Makhleb [**....]
Gold:   376        SH:  9    Dex: 11    Spells: 8/8 levels left

rFire   . . .      SeeInvis .   a - +1 war axe
rCold   . . .      Faith    .   F - +0 kite shield
rNeg    + . .      Spirit   .   e - +0 plate armour
rPois   .          Reflect  .   j - +2 hat
rElec   .          Harm     .   o - +1 cloak
rCorr   .          Rampage  .   (no gloves)
Will    .....                   r - +1 pair of boots
Stlth   ..........              (no amulet)
HPRegen 0.23/turn               k - ring of flight
MPRegen 0.12/turn               q - ring of positive energy

@: flying
A: horns 2, retaliatory headbutt
a: Renounce Religion, Minor Destruction


You were on level 7 of the Dungeon.
You worshipped Makhleb.
Makhleb was pleased with you.
You visited 2 branches of the dungeon, and saw 8 of its levels.
You also visited: Sewer.

You collected 376 gold pieces.

Inventory:

Hand Weapons
 a - a +1 war axe (weapon)
 h - a +2 flail of holy wrath
 y - a +0 shortbow
Missiles
 i - 12 boomerangs (quivered)
 m - 4 throwing nets
 x - 39 poisoned darts
Armour
 c - a +1 buckler
 e - a +0 plate armour (worn)
 j - a +2 hat (worn)
 o - a +1 cloak (worn)
 r - a +1 pair of boots (worn)
 F - a +0 kite shield (worn)
Magical Staves
 D - a staff of air
Jewellery
 k - a ring of flight (left hand)
 q - a ring of positive energy (right hand)
 v - a ring of wizardry
Scrolls
 f - 2 scrolls of enchant weapon
 g - a scroll of magic mapping
 l - 7 scrolls of teleportation
 p - 5 scrolls of vulnerability
 s - a scroll of acquirement {unknown}
 t - 2 scrolls of fear {unknown}
 u - a scroll of summoning {unknown}
 w - a scroll of blinking {unknown}
 G - a scroll of immolation {unknown}
Potions
 d - 5 potions of might
 n - 2 potions of haste {unknown}
 z - 3 potions of heal wounds {unknown}
 A - a potion of magic {unknown}
 B - 2 potions of invisibility {unknown}
 C - 6 potions of curing {unknown}
 E - 2 potions of attraction {unknown}


   Skills:
 + Level 8.6 Fighting
 + Level 9.9 Axes
 + Level 6.5 Throwing
 + Level 6.4 Armour
 - Level 2.0 Dodging
 - Level 5.0 Shields
 + Level 4.0 Invocations


You had 8 spell levels left.
You didn't know any spells.
Your spell library contained the following spells:

 Spells                   Type           Power      Damage    Failure   Level
 Magic Dart               Conj           0%         1d3       100%        1
 Call Imp                 Summ           0%         N/A       100%        2
 Sublimation of Blood     Necr           0%         N/A       100%        2
 Gell's Gravitas          Tloc           0%         N/A       100%        3
 Lesser Beckoning         Tloc           0%         N/A       100%        3
 Mephitic Cloud           Conj/Pois/Air  0%         N/A       100%        3
 Portal Projectile        Hex/Tloc       0%         N/A       100%        3
 Teleport Other           Tloc           0%         N/A       100%        3
 Tukima's Dance           Hex            0%         N/A       100%        3
 Airstrike                Air            0%         2d(0-16)  100%        4
 Petrify                  Tmut/Erth      0%         N/A       100%        4
 Summon Lightning Spire   Summ/Air       0%         N/A       100%        4
 Blade Hands              Tmut           0%         N/A       100%        5
 Irradiate                Conj/Tmut      0%         3d11      100%        5
 Lightning Bolt           Conj/Air       0%         1d11      100%        5


Dungeon Overview and Level Annotations

Branches:
Dungeon (7/15)             Temple (1/1) D:5           Sewer (visited)

Altars:
Ashenzari
Cheibriados
Dithmenos
Elyvilon
Fedhas
Gozag
Kikubaaqudgha
Makhleb
Nemelex Xobeh
Okawaru
Ru
Sif Muna
Trog
Uskayaw
Vehumet
Wu Jian
Xom
Zin
The Shining One


Innate Abilities, Weirdness & Mutations

You have a pair of horns on your head.
You reflexively headbutt those who attack you in melee.


Message History

You throw a javelin.
The javelin pierces through the eight-headed hydra!
The eight-headed hydra is severely wounded.
You block the eight-headed hydra's attack.
The eight-headed hydra bites you but does no damage. x2
The eight-headed hydra bites you!
The eight-headed hydra bites you but does no damage.
You block the eight-headed hydra's attack.
The eight-headed hydra bites you. The eight-headed hydra bites you! x2
The eight-headed hydra barely misses you.
The eight-headed hydra bites you but does no damage.
The eight-headed hydra barely misses you.
The eight-headed hydra bites you!
The eight-headed hydra bites you but does no damage. x2
The eight-headed hydra bites you!
Okay, then.
Okay, then.
Aiming: Minor Destruction (2% risk of failure)
Press: ? - help, Shift-Dir - straight line, f/p - eight-headed hydra
Aim: an eight-headed hydra (severely wounded)
Okay, then.
A demon appears!
You can no longer summon a lesser servant of Makhleb.
The eight-headed hydra bites you but does no damage. x2
You block the eight-headed hydra's attack. x2
The eight-headed hydra bites you. The eight-headed hydra bites you!
* * * LOW HITPOINT WARNING * * *
The eight-headed hydra bites you but does no damage.
The eight-headed hydra closely misses you.
Aiming: Minor Destruction (2% risk of failure)
Press: ? - help, Shift-Dir - straight line, f/p - eight-headed hydra
Aim: an eight-headed hydra (severely wounded, ally target)
The zap hits the eight-headed hydra.
The eight-headed hydra is severely wounded.
The eight-headed hydra closely misses you.
The eight-headed hydra bites you!
* * * LOW HITPOINT WARNING * * *
The eight-headed hydra bites you but does no damage. x2
The eight-headed hydra bites you!
You die...

...##...#.......##...
..###..####[.####.......
..##.....#...###........
..##........###.........
....>....#..##..........
...........##...........
......##...##........[..
......###..##.......8..8
..........#.'...@.../≈≈)
............'....D4..≈≈)
.........####.....(.8..8
..........###......(....
............#.......(...
............##.........(
##...........##.........
###)..........##........
##..).........


You could see an eight-headed hydra (ally target) and a friendly hellwing
(summoned).

Vanquished Creatures
  A two-headed ogre (D:7)
  Prince Ribbit (D:5)
  A steam dragon (D:6)
  2 water moccasins (D:5)
  2 sky beasts (D:7)
  A black bear (D:6)
  4 ogres
  A centaur (D:5)
  6 kobold brigands
  2 bullfrogs
  A gnoll sergeant (D:6)
  5 wights (D:7)
  A howler monkey (D:7)
  A jelly (D:5)
  2 hounds (D:6)
  6 orc priests
  4 orc wizards
  4 iguanas
  12 adders
  22 gnolls
  A shadow imp (D:6)
  A white imp (D:5)
  2 ufetubi
  4 worms
  2 dart slugs
  26 orcs
  5 bats
  9 endoplasms
  6 giant cockroaches
  3 goblins
  9 hobgoblins
  2 jackals (D:4)
  7 quokkas
  9 ball pythons
  5 frilled lizards
  18 kobolds
  6 rats
194 creatures vanquished.

Vanquished Creatures (others)
  5 plants (Sewer)
5 creatures vanquished.

Grand Total: 199 creatures vanquished

Notes
Turn   | Place    | Note
-------+----------+-------------------------------------------
     0 | D:1      | wingedge the Minotaur Fighter began the quest for the Orb.
     0 | D:1      | Reached XP level 1. HP: 19/19 MP: 0/0
   370 | D:1      | Reached XP level 2. HP: 25/27 MP: 1/1
   667 | D:2      | Reached skill level 1 in Dodging
   695 | D:2      | Reached skill level 3 in Axes
   779 | D:2      | Found a faded altar of an unknown god.
   782 | D:2      | Reached XP level 3. HP: 33/33 MP: 2/2
   790 | D:2      | Reached skill level 1 in Throwing
   799 | D:2      | Reached XP level 4. HP: 10/41 MP: 3/3
  1170 | D:2      | Reached skill level 5 in Fighting
  1197 | D:2      | Reached XP level 5. HP: 46/48 MP: 4/4
  1552 | D:3      | Reached skill level 4 in Axes
  1562 | D:3      | Reached skill level 5 in Axes
  1930 | D:3      | Reached XP level 6. HP: 43/57 MP: 5/5
  2415 | D:4      | Found a radiant altar of Vehumet.
  2559 | D:4      | Reached XP level 7. HP: 66/66 MP: 6/6
  2843 | D:4      | Found a hide-covered altar of Uskayaw.
  2869 | D:5      | Entered Level 5 of the Dungeon
  2904 | D:4      | Found a burning altar of Makhleb.
  3154 | D:4      | Became a worshipper of Makhleb the Destroyer
  3166 | D:5      | Reached skill level 6 in Axes
  3183 | D:5      | Noticed Prince Ribbit
  3194 | D:5      | Killed Prince Ribbit
  3203 | D:5      | Found a glowing drain.
  3216 | Sewer    | Entered a sewer
  3306 | Sewer    | Reached skill level 7 in Axes
  3306 | Sewer    | Reached XP level 8. HP: 73/73 MP: 7/7
  3357 | Sewer    | Reached * piety under Makhleb
  3443 | Sewer    | Reached skill level 5 in Throwing
  3584 | D:5      | Reached skill level 8 in Axes
  3768 | D:5      | Found a staircase to the Ecumenical Temple.
  3782 | D:5      | Reached ** piety under Makhleb
  3998 | D:5      | Reached skill level 1 in Invocations
  4301 | Temple   | Entered the Ecumenical Temple
  4710 | D:6      | Reached skill level 9 in Axes
  4710 | D:6      | Reached XP level 9. HP: 33/79 MP: 9/9
  5151 | D:6      | Identified the +4 trident of Umina {vorpal, rN+}
  5193 | D:6      | Reached skill level 5 in Armour
  5204 | D:6      | Reached skill level 5 in Shields
  5584 | D:6      | Found a shimmering blue altar of Sif Muna.
  5802 | D:7      | Reached *** piety under Makhleb
  5934 | D:7      | Noticed a two-headed ogre
  5943 | D:7      | Killed a two-headed ogre
  6270 | D:7      | Noticed an eight-headed hydra
  6277 | D:7      | HP: 4/82 [eight-headed hydra (7)]
  6277 | D:7      | Mangled by an eight-headed hydra

Illustrated notes

Levels and vault maps discovered:
D:1:      elethiomel_arrival_quiet, layout_basic
D:2:      layout_rooms, ebering_ecumenical_altar_sacrificial, st_stairs_4
D:3:      cheibrodos_thug_alley, layout_rooms, serial_glass, glass_columns_a,
          glass_columns_b
D:4:      wander_river, layout_rooms, nicolae_overflow_hidden_temple,
          minmay_starry_boxes
D:5:      layout_loops_ring, minmay_temple_entry_wispy,
          cheibrodos_sewer_entry_bend, uniq_prince_ribbit1
D:6:      layout_loops_ring, led_sif_pool
D:7:      kennysheep_big_flooded_room, layout_cave_pools, moated_statue,
          nicolae_elemental_shop
Temple:   bh_familiar_temple

Skill      XL: |  1  2  3  4  5  6  7  8  9 |
---------------+----------------------------+-----
Fighting       | 4 5 7 8 |  8.6
Armour         | 4 6 |  6.4
Dodging        | 1 2 |  2.0
Axes           | 3 5 7 9 |  9.9
Throwing       | 1 2 4 5 6 |  6.5
Shields        | 4 5 |  5.0
Invocations    | 1 4 |  4.0

Action                   |  1- 3 |  4- 6 |  7- 9 || total
-------------------------+-------+-------+-------++-------
Melee: War axe           |    40 |   112 |   264 ||   416
       Headbutt          |     9 |    25 |    29 ||    63
Throw: Boomerang         |     2 |    18 |    29 ||    49
       Javelin           |       |       |     6 ||     6
Invok: Minor Destruction |       |       |    11 ||    11
       Lesser Servant of |       |       |     1 ||     1
  Use: Scroll            |       |     7 |     3 ||    10
Armor: Scale mail        |    10 |    56 |       ||    66
       Plate armour      |       |    10 |   179 ||   189
Dodge: Dodged            |    19 |    58 |    61 ||   138
Block: Buckler           |     4 |    22 |    52 ||    78
       Kite shield       |       |       |    42 ||    42
